 Dungeon Crawl Stone Soup version 0.30-a0-859-gf88a04b62d (webtiles) character file.

Game seed: 11354922279240370461

84 juan097 the Sneak (level 4, 0/29 HPs)
             Began as an Octopode Brigand on Mar 6, 2023.
             Killed from afar by a dart slug (4 damage)
             ... with a slug dart
             ... on level 2 of the Dungeon.
             The game lasted 00:01:55 (1094 turns).

juan097 the Sneak (Octopode Brigand)                Turns: 1094, Time: 00:01:56

Health: 0/29       AC:  1    Str: 10    XL:     4   Next: 46%
Magic:  4/4        EV: 14    Int: 13    God:
Gold:   17         SH:  0    Dex: 15    Spells: 3/3 levels left

rFire   . . .      SeeInvis .    a - +2 dagger
rCold   . . .      Faith    .    (no shield)
rNeg    . . .      Spirit   .    (helmet restricted)
rPois   .          Reflect  .    (no amulet)
rElec   .          Rampage  .    (no ring)
rCorr   .                        (no ring)
Will    .....                    (no ring)
Stlth   ++++                     (no ring)
HPRegen 0.24/turn                (no ring)
MPRegen 0.09/turn                (no ring)
                                 (no ring)
                                 (no ring)

@: no status effects
A: almost no armour, amphibious, 8 rings, camouflage 1, gelatinous body 1,
(nimble swimmer 1), tentacles
a: no special abilities


You were on level 2 of the Dungeon.
You visited 1 branch of the dungeon, and saw 2 of its levels.

You collected 17 gold pieces.

Inventory:

Hand Weapons
 a - a +2 dagger (weapon)
Missiles
 b - 3 poisoned darts (quivered)
 c - 3 curare-tipped darts
Jewellery
 j - a ring of positive energy
Scrolls
 d - 2 scrolls of identify {unknown}
 e - 2 scrolls of magic mapping {unknown}
 g - a scroll of blinking {unknown}
 k - a scroll of immolation {unknown}
Potions
 f - a potion of lignification {unknown}
 h - a potion of curing {unknown}
 i - a potion of resistance {unknown}


   Skills:
 - Level 2.0 Fighting
 + Level 3.5 Short Blades
 - Level 2.0 Throwing
 + Level 2.9 Dodging
 - Level 5.3 Stealth


You had 3 spell levels left.
You didn't know any spells.
Your spell library was empty.

Dungeon Overview and Level Annotations

Branches:
Dungeon (2/15)

Altars:


Innate Abilities, Weirdness & Mutations

You cannot wear most types of armour.
You are amphibious.
You can wear up to eight rings at the same time.
Your skin changes colour to match your surroundings (Stealth+).
Your rubbery body absorbs attacks. (AC +1, EV +1)
((You are camouflaged when in or above water. (Stealth+)))
You have tentacles for arms and can constrict up to eight enemies at once.


Message History

You closely miss the gnoll. Your grab misses the gnoll. You hit the gnoll.
You grab the gnoll.
The gnoll is lightly wounded.
You constrict the gnoll, but do no damage.
The gnoll hits you with a +0 whip.
You hit the gnoll but do no damage.
The gnoll is lightly wounded.
You constrict the gnoll. The quokka bites you. The gnoll closely misses you.
You hit the gnoll.
The gnoll is heavily wounded.
You constrict the gnoll. The quokka bites you.
You hit the gnoll.
The gnoll is almost dead.
You constrict the gnoll. The quokka bites you.
The gnoll hits you with a +0 whip.
* * * LOW HITPOINT WARNING * * *
You hit the gnoll.
You kill the gnoll!
The gnoll looks more healthy.
The quokka completely misses you.
You barely miss the quokka. Your grab misses the quokka.
Your squeeze misses the quokka. The quokka barely misses you.
The gnoll closely misses you.
You hit the quokka. Your grab misses the quokka.
The quokka is moderately wounded.
The quokka barely misses you. The gnoll hits you with a +0 flail.
* * * LOW HITPOINT WARNING * * *
You hit the quokka. Your grab misses the quokka.
The quokka is heavily wounded.
The quokka closely misses you. The gnoll barely misses you.
You hit the quokka.
You kill the quokka!
You barely miss the gnoll. Your grab misses the gnoll.
Your squeeze misses the gnoll.
The gnoll is almost dead.
The gnoll completely misses you.
You hit the gnoll.
You kill the gnoll!
The dart slug launches a dart at you. The slug dart hits you.
You die...

#...... ###..... ###
#... #####....(.####
... #..[#...#
.........##.###
>.#...#.<.#
#..##........
..#...#...# #(...#.#
..#.#.#...######w##...#
..............##)###.##
⌠...8†.(⌠[..<.##@# #.#
..............##†# #.#
..#.#.#...#### #.# #.#
#...#...# ##.###.#
#...#.<.# ###...##.#
#...#...###........#
#...######......####
#...######.....##
#...##.).......#


You could see a dart slug.

Vanquished Creatures
  3 gnolls (D:2)
  2 adders (D:2)
  A bat (D:1)
  7 endoplasms (D:1)
  4 giant cockroaches (D:1)
  6 goblins (D:1)
  5 hobgoblins (D:1)
  2 quokkas
  5 ball pythons (D:1)
  A frilled lizard (D:1)
  2 kobolds
  3 rats (D:1)
41 creatures vanquished.

Notes
Turn   | Place    | Note
-------+----------+-------------------------------------------
     0 | D:1      | juan097 the Octopode Brigand began the quest for the Orb.
     0 | D:1      | Reached XP level 1. HP: 14/14 MP: 1/1
   113 | D:1      | Reached XP level 2. HP: 19/19 MP: 2/2
   330 | D:1      | Reached XP level 3. HP: 17/24 MP: 3/3
   978 | D:2      | Reached XP level 4. HP: 19/29 MP: 4/4
  1094 | D:2      | Killed from afar by a dart slug

Illustrated notes

Levels and vault maps discovered:
D:1:      psy_arrival_basics, layout_basic
D:2:      layout_loops_ring, nicolae_elevator_lobby_plus

Skill      XL: |  1  2  3 |
---------------+----------+-----
Dodging        | 2 |  2.9
Short Blades   | 3 |  3.5
Fighting       | |  2.0
Throwing       | |  2.0
Stealth        | |  5.3

Action                     |  1- 3 |  4- 6 || total
---------------------------+-------+-------++-------
  Melee: Dagger            |    56 |    13 ||    69
         Tentacles         |    12 |     1 ||    13
         Constrict         |     9 |     2 ||    11
  Throw: Dart              |     2 |     5 ||     7
   Stab: Sleeping          |    17 |       ||    17
  Dodge: Dodged            |    23 |     9 ||    32

Table legend: (Time is in decaauts)
 A = Elapsed time spent in this place.
 B = Non-inter-level travel time spent in this place.
 C = Inter-level travel time spent in this place.
 D = Time resting spent in this place.
 E = Time spent auto-exploring this place.
 F = Levels seen in this place.
 G = Mean time per level.
                   A        B        C        D        E       F      G
               +--------+--------+--------+--------+--------+-----+--------+
         Total |   1083 |   1079 |      4 |      0 |    846 |   2 |  541.5 |
       Dungeon |   1083 |   1079 |      4 |      0 |    846 |   2 |  541.5 |
               +--------+--------+--------+--------+--------+-----+--------+

Top non-repeatable levels by time:
     D:1: 942 daAuts
     D:2: 140 daAuts
